 Dungeon Crawl Stone Soup version 0.19-a0-1490-g5dd3618 (webtiles) character file.

130 poirepourri the Sneak (level 4, -6/21 HPs)
             Began as a Spriggan Enchanter on Sept 8, 2016.
             Killed by divine providence
             ... invoked by an orc priest
              (17 damage)
             ... on level 3 of the Dungeon.
             The game lasted 00:05:06 (3633 turns).

poirepourri the Sneak (Spriggan Enchanter)          Turns: 3633, Time: 00:05:07

Health: -6/21      AC:  3    Str:  4    XL:     4   Next: 89%
Magic:  8/10       EV: 19    Int: 16    God:
Gold:   216        SH:  0    Dex: 17    Spells: 2 memorised, 7 levels left

rFire  . . .     SeeInvis +     a - +1 dagger
rCold  . . .     Gourm    .     b - +1 robe
rNeg   . . .     Faith    .     (shield restricted)
rPois  .         Spirit   .     (helmet restricted)
rElec  .         Dismiss  .     (no cloak)
rCorr  .         Reflect  .     (gloves unavailable)
MR     .....     Harm     .     (boots unavailable)
Stlth  +++.......               (no amulet)
                                (no ring)
                                (no ring)

@: very quick
A: unfitting armour, see invisible, herbivore 3, speed 3, slow metabolism 2
a: no special abilities


You were on level 3 of the Dungeon.
You were full.

You visited 1 branch of the dungeon, and saw 3 of its levels.

You collected 216 gold pieces.

Inventory:

Hand Weapons
 a - a +1 dagger (weapon)
Missiles
 j - 12 poisoned needles
Armour
 b - a +1 robe (worn)
Jewellery
 h - a +4 ring of intelligence
Scrolls
 f - a scroll of identify
 l - a scroll of recharging
 m - a scroll of teleportation {unknown}
Potions
 e - a potion of cancellation
 g - a potion of brilliance
 i - a potion of resistance {unknown}
 k - 2 potions of curing
 n - 2 potions of haste
 o - a potion of lignification {unknown}
Books
 c - a book of Maledictions

   Spells                             Type                      Level
   a - Corona                         Hexes                        1
   b - Ensorcelled Hibernation        Hexes/Ice                    2
   c - Confuse                        Hexes                        3
   d - Tukima's Dance                 Hexes                        3
   e - Dazzling Spray                 Conjuration/Hexes            3
Comestibles
 d - a bread ration


   Skills:
 + Level 1.3 Short Blades
 + Level 3.9 Dodging
 + Level 5.0 Stealth
 + Level 3.7 Spellcasting
 + Level 4.9 Hexes
 + Level 1.2 Ice Magic


You had 7 spell levels left.
You knew the following spells:

 Your Spells              Type           Power        Failure   Level  Hunger
a - Corona                Hex            ###....      2%          1    None
b - Ensorcelled Hibernat  Hex/Ice        ##....       10%         2    ##.....


Dungeon Overview and Level Annotations

Branches:
Dungeon (3/15)

Altars:
Fedhas
Sif Muna

Annotations:
D:3 epen's ghost, amateur TeMo


Innate Abilities, Weirdness & Mutations

You are tiny and cannot use many weapons and most armour.
You have supernaturally acute eyesight. (SInv)
You are a herbivore.
You cover ground extremely quickly.
You need consume almost no food.


Message History

There are monsters nearby!
There are monsters nearby!
There are monsters nearby!
The orc priest shouts!
An orc priest comes into view. It is wielding a flail.
The orc priest calls down the wrath of Beogh upon you.
Beogh smites you!
The orc priest invokes the aid of Beogh against you.
You struggle to resist.
Casting: Ensorcelled Hibernation
Confirm with . or Enter, or press ? or * to list all spells.
Aiming: Ensorcelled Hibernation
Press: ? - help, Shift-Dir - straight line, f - orc priest
Aim: an orc priest, wielding a club (chance to defeat MR: 43%)
The orc priest looks drowsy...
The orc shouts!
The orc priest shouts!
The orc priest calls down the wrath of Beogh upon you.
Beogh smites you!
Ouch! That really hurt!
You die...

# #.#
#....####.#####....##
# #.###.#...###.#
#.#.## #
##)....#.......#
#.#.##
#####.........#.##.#
#....##
....#..............#
#†....##
..#........#...#†#.#
#......#
#.#############...##
#......# #........#
##.## #....#.###
########## #@#
#.####.... # #.#
#....[..## # #.#
####.#.## # #.# #.#.#


#ooo# #.#.# ..o⌠... #.#.# # ###o..### oo#.# # #.# +#.#+ #.#.# # #.# #!# #.#.#
You could see 3 orc priests and 2 orcs.

Vanquished Creatures
  An iguana (D:3)
  3 adders
  2 worms (D:2)
  A dart slug (D:1)
  4 giant geckos
  An orc (D:3)
  A ball python (D:1)
  4 giant cockroaches
  9 goblins
  7 hobgoblins
  4 jackals (D:1)
  5 kobolds
  2 quokkas (D:2)
  6 bats
  3 giant newts
  8 rats
61 creatures vanquished.

Notes
Turn   | Place    | Note
-------+----------+-------------------------------------------
     0 | D:1      | poirepourri the Spriggan Enchanter began the quest for the Orb.
     0 | D:1      | Reached XP level 1. HP: 9/9 MP: 5/5
   343 | D:1      | Reached XP level 2. HP: 13/13 MP: 4/6
   493 | D:1      | Learned a level 2 spell: Ensorcelled Hibernation
  1456 | D:1      | Reached XP level 3. HP: 13/16 MP: 8/8
  2041 | D:2      | Found a blossoming altar of Fedhas.
  2508 | D:2      | Found a deep blue altar of Sif Muna.
  2595 | D:2      | Reached skill level 5 in Stealth
  2693 | D:2      | Reached XP level 4. HP: 10/21 MP: 0/10
  3089 | D:3      | Reached skill level 1 in Ice Magic
  3293 | D:3      | Noticed epen's ghost (amateur TeMo)
  3633 | D:3      | Killed from afar by an orc priest

Vault maps used:
D:1:      minmay_arrival_floating_metal, serial_forest,
          infiniplex_forest_lined_2, infiniplex_forest_straight_1,
          infiniplex_forest_end_1, infiniplex_forest_straight_3,
          infiniplex_forest_corner_1, infiniplex_forest_lined_2,
          infiniplex_forest_straight_5
D:2:      overflow_temple_1_default, first_bread, kennysheep_another_room,
          lemuel_blue_sif_altar
D:3:      grunt_temple_overflow_cloverleaf

Skill      XL: |  1  2  3  4 |
---------------+-------------+-----
Hexes          | 4 |  4.9
Spellcasting   | 3 |  3.7
Stealth        | 5 |  5.0
Ice Magic      | 1 |  1.2
Short Blades   | |  1.3
Dodging        | |  3.9

Action                   |  1- 3 |  4- 6 || total
-------------------------+-------+-------++-------
Melee: Dagger            |   142 |    34 ||   176
 Cast: Corona            |    22 |       ||    22
       Ensorcelled Hiber |    36 |    18 ||    54
  Use: Scroll            |     7 |     2 ||     9
 Stab: Sleeping          |    30 |    11 ||    41
  Eat: Royal jelly       |     1 |       ||     1
       Bread ration      |       |     1 ||     1
Armor: Robe              |    14 |     6 ||    20
Dodge: Dodged            |   117 |    40 ||   157
